 Dungeon Crawl Stone Soup version 0.30-a0-591-g3c58d2bc28 (webtiles) character file.

Game seed: 7767937864471256973

12098 OTABOTABOTAB the Martial Artist (level 11, -9/100 HPs)
             Began as a Gnoll Transmuter on Jan 4, 2023.
             Was a High Priest of Cheibriados.
             Mangled by an orc warrior
             ... wielding a +0 glaive
             ... led by an orc warlord
              (29 damage)
             ... on level 1 of the Orcish Mines on Jan 5, 2023.
             The game lasted 00:28:37 (13918 turns).

OTABOTABOTAB the Martial Artist (Gnoll Transmuter) Turns: 13918, Time: 00:28:38

Health: -9/100     AC: 10    Str: 20    XL:     11   Next: 88%
Magic:  20/23      EV: 16    Int: 28    God:    Cheibriados [*****.]
Gold:   508        SH:  5    Dex: 24    Spells: 17/27 levels left

rFire   x . .      SeeInvis .      - Unarmed
rCold   + + +      Faith    .    (shield currently unavailable)
rNeg    . . .      Spirit   .    (body armour currently unavailable)
rPois   +          Reflect  +    (helmet currently unavailable)
rElec   .          Harm     .    (cloak currently unavailable)
rCorr   .          Rampage  .    (gloves currently unavailable)
Will    .....                    (boots currently unavailable)
Stlth   ++++                     w - amulet of reflection
HPRegen 0.36/turn                C - ring of protection from cold {rC+, !d}
MPRegen 0.18/turn                Q - +4 ring of slaying

@: ice-form, very slow
A: freezing attack, amphibious, boosted hp, large, (fangs 1), strong nose,
distributed training
a: End Transformation, Renounce Religion, Bend Time, Temporal Distortion,
Slouch, Step From Time


You were on level 1 of the Orcish Mines.
You worshipped Cheibriados.
Cheibriados was extremely pleased with you.
You were a creature of crystalline ice.
You visited 3 branches of the dungeon, and saw 11 of its levels.

You collected 508 gold pieces.

Inventory:

Hand Weapons
 p - a +5 mace of freezing (melded)
   (You took it off a wight on level 6 of the Dungeon)
Missiles
 b - 2 throwing nets {!d}
 c - 9 poisoned darts
 k - 12 javelins (quivered)
 o - a boomerang of dispersal {=f}
 r - 2 curare-tipped darts
 s - 58 stones
Armour
 h - a +1 pair of boots (melded)
   (You found it on level 4 of the Dungeon)
 u - a +0 troll leather armour (melded)
   (You found it on level 9 of the Dungeon)
 v - +0 steam dragon scales
   (You found it on level 9 of the Dungeon)
Jewellery
 l - a ring of flight {+Fly, !d}
   (You found it on level 4 of the Dungeon)
 w - an amulet of reflection (around neck)
   (You found it on level 4 of the Dungeon)
 C - a ring of protection from cold (left front paw) {rC+, !d}
   (You found it on level 7 of the Dungeon)
 Q - a +4 ring of slaying (right front paw)
   (You found it on level 6 of the Dungeon)
Wands
 d - a wand of digging (8)
   (You found it on level 8 of the Dungeon)
 e - a wand of charming (5)
   (You took it off a centaur on level 9 of the Dungeon)
 j - a wand of polymorph (8)
   (You found it on level 8 of the Dungeon)
 q - a wand of flame (58)
   (You took it off Ijyb on level 4 of the Dungeon)
 y - a wand of mindburst (3)
   (You found it on level 5 of the Dungeon)
Scrolls
 a - a scroll of identify {@r1}
 i - a scroll of enchant weapon
 t - 2 scrolls of amnesia
Potions
 f - 5 potions of attraction {!q}
 g - a potion of cancellation
 n - 2 potions of degeneration {unknown}
 B - a potion of brilliance
 L - 3 potions of flight
 M - 2 potions of magic
 P - 4 potions of lignification {!q}
Miscellaneous
 m - a phantom mirror
   (You found it on level 9 of the Dungeon)


   Skills:
 + Level 7.5 Fighting
 + Level 6.9 Short Blades
 + Level 6.9 Long Blades
 + Level 6.9 Axes
 + Level 6.9 Maces & Flails
 + Level 6.9 Polearms
 + Level 6.9 Staves
 + Level 6.9 Ranged Weapons
 + Level 6.9 Throwing
 + Level 6.9 Armour
 + Level 8.4 Dodging
 + Level 6.9 Stealth
 + Level 6.9 Shields
 + Level 9.6 Unarmed Combat
 + Level 8.6 Spellcasting
 + Level 5.7 Conjurations
 + Level 5.7 Hexes
 + Level 5.7 Summonings
 + Level 5.7 Necromancy
 + Level 5.7 Translocations
 + Level 7.0 Transmutations
 + Level 5.7 Fire Magic
 + Level 5.7 Ice Magic
 + Level 5.7 Air Magic
 + Level 5.7 Earth Magic
 + Level 5.7 Poison Magic
 + Level 7.6 Invocations
 + Level 6.9 Evocations


You had 17 spell levels left.
You knew the following spells:

 Your Spells              Type           Power      Damage    Failure   Level
a - Beastly Appendage     Tmut           100%       N/A       1%          1
b - Wereblood             Tmut           51%        N/A       1%          2
c - Spider Form           Tmut/Pois      48%        N/A       1%          3
d - Ice Form              Ice/Tmut       48%        N/A       3%          4

Your spell library contained the following spells:

 Spells                   Type           Power      Damage    Failure   Level
 Kiss of Death            Conj/Necr      100%       2d13      1%          1
 Sting                    Tmut/Pois      100%       1d8       1%          1
 Poisonous Vapours        Pois/Air       88%        N/A       1%          2
 Confusing Touch          Hex            44%        N/A       1%          3
 Ignite Poison            Fire/Tmut/Pois 46%        N/A       1%          3
 Kindle Blastsparks       Fire/Tloc/Air  88%        2d17      1%          3
 Dispel Undead            Necr           44%        3d17      4%          4
 Olgreb's Toxic Radiance  Pois           44%        N/A       4%          4
 Freezing Cloud           Conj/Ice/Air   22%        6-21      12%         5


Dungeon Overview and Level Annotations

Branches:
Dungeon (9/15)             Temple (1/1) D:4            Lair (0/5) D:8
    Orc (1/2) D:9

Altars:
Cheibriados
Elyvilon
Fedhas
Gozag
Kikubaaqudgha
Sif Muna
Uskayaw
Yredelemnul

Annotations:
D:9 1 runed translucent door


Innate Abilities, Weirdness & Mutations

You are a creature of crystalline ice.
You have a powerful freezing melee attack.
You are amphibious.
Your maximum health is increased.
Your armour is entirely melded.
You are incapable of wielding weapons or throwing items.
((You have very sharp teeth.))
Your uncanny sense of smell can sniff out nearby items.
Your experience applies equally to all skills.


Message History

An orc comes into view. It is wielding a +0 whip.
You punch the orc! You freeze the orc.
You kill the orc!
Cheibriados appreciates the change of pace.
The orc priest begins to cast a cantrip, but forgets the words!
An orc warrior comes into view. It is wielding a +0 flail.
You pummel the orc!! You freeze the orc.
You kill the orc!
Cheibriados thoroughly appreciates the change of pace.
You howl as the wereblood boils in your veins!
You hear a shout!
The orc throws a boomerang.
The boomerang hits you but does no damage.
An orc wizard comes into view. It is wielding a +0 dagger.
An orc warrior comes into view. It is wielding a +0 scimitar.
You hear a shout!
An orc comes into view. It is wielding a +0 club.
An orc priest comes into view. It is wielding a +0 club.
An orc and an orc warrior come into view.
You howl as the wereblood boils in your veins!
Your primal bloodlust has ended.
The orc shouts!
The orc misses you.
An orc warrior comes into view.
It is wielding a +0 halberd and wearing a +1 chain mail of fire resistance.
An orc comes into view. It is wielding a +0 club.
The orc misses you.
Items here: )) [ †.
The orc attacks as you move away! The orc misses you.
The orc attacks as you move away! The orc misses you.
The orc barely misses you. The orc misses you. You block the orc's attack.
An orc warrior comes into view. It is wielding a +0 short sword.
There is a staircase back to the Dungeon here.
You punch the orc! You freeze the orc.
You kill the orc!
Cheibriados appreciates the change of pace.
You can now step out of the flow of time.
Cheibriados raises the support of your attributes as your movement slows.
The orc misses you.
An orc comes into view. It is wielding a +0 mace.
The orc priest calls down the wrath of Beogh upon you.
Beogh smites you!
The orc shouts!
You hear a shout!
You take 14 damage, and have 86/100 hp.
You pummel the orc priest!! You freeze the orc priest.
You kill the orc priest!
Cheibriados appreciates the change of pace.
The troll bites you. The troll claws you. x2
You take 13 damage, and have 73/100 hp.
You punch the orc priest! You freeze the orc priest.
You kill the orc priest!
Cheibriados appreciates the change of pace.
An orc warlord comes into view.
It is wielding a +1 heavy battleaxe and wearing a +3 chain mail of cold resistance.
The troll barely misses you. You block the troll's attack.
The troll completely misses you.
You pummel the orc!! You freeze the orc.
You kill the orc!
Cheibriados appreciates the change of pace.
You block the warg's attack. The warg bites you.
You take 1 damage, and have 72/100 hp.
You pummel the troll!! You freeze the troll!
The orc warlord roars a battlecry!
The orcs go into a battle-frenzy!
The troll bites you. The troll barely misses you. The troll closely misses you.
The orc priest begins to cast a cantrip, but forgets the words!
The warg bites you.
You take 9 damage, and have 63/100 hp.
You hit the troll. You freeze the troll.
You kill the troll!
Cheibriados thoroughly appreciates the change of pace.
The troll leather armour is intact enough to wear.
An orc comes into view. It is wielding a +0 hand axe.
The orc warrior barely misses you.
The orc warlord roars a battlecry!
The orc goes into a battle-frenzy!
The orc priest casts a cantrip, but nothing happens.
The warg misses you.
You hit the orc wizard. You freeze the orc wizard. The orc barely misses you.
The orc warrior hits you from afar with a +0 glaive!!
The warg bites you but does no damage.
You take 21 damage, and have 42/100 hp.
MASSIVE DAMAGE!!
You barely miss the orc wizard. The warg closely misses you.
The orc wizard hits you but does no damage.
The orc warrior closely misses you.
An orc sorcerer comes into view.
It is wielding a +0 dagger and wearing a +2 robe of willpower.
You punch the orc! You freeze the orc.
You kill the orc!
Cheibriados appreciates the change of pace.
The warg misses you.
You pummel the warg!! You freeze the warg. The orc wizard closely misses you.
The orc warrior hits you from afar with a +0 glaive!!
* * * LOW HITPOINT WARNING * * *
The orc warlord roars a battlecry!
The orc warrior goes into a battle-frenzy!
The warg misses you.
You take 23 damage, and have 19/100 hp.
MASSIVE DAMAGE!!
You block the orc warrior's attack.
The orc warrior hits you from afar with a +0 glaive!!
You die...

## #.##
#...##
####......
##.#.......
#..Yo......
##hooo#...#
#ooo.......
#.oo...#....
#.$o##.......
##oo .....#.
..o ......
.... ..(...
..o.. .....


You could see an orc warlord, a warg, an orc sorcerer (strong), 5 orc warriors,
an orc priest (strong), an orc wizard (strong) and 4 orcs.

Vanquished Creatures
  A hydra (D:9)
  A centaur warrior (D:9)
  An ugly thing (D:9)
  An orc sorcerer (Orc:1)
  3 trolls
  Grinder (D:5)
  Sigmund (D:3)
  4 wyverns
  A wraith (D:9)
  17 yaks (D:9)
  Eustachio (D:5)
  4 steam dragons
  An acid dragon (D:9)
  3 water moccasins
  4 orc warriors
  4 black bears
  A sky beast (D:7)
  3 ogres
  4 centaurs
  4 phantoms
  3 kobold brigands
  3 bullfrogs
  2 gnoll sergeants
  6 scorpions
  7 wights
  14 killer bees
  4 howler monkeys
  3 centaur zombies (D:6)
  A human zombie (D:6)
  A jelly (D:5)
  5 orc priests
  A gnoll bouda (D:9)
  3 bullfrog zombies (D:6)
  2 hounds
  Ijyb (D:4)
  4 iguanas
  8 orc wizards
  Natasha (thrice) (D:2)
  3 howler monkey zombies (D:6)
  5 gnolls (D:7)
  8 adders
  2 shadow imps
  A white imp (D:5)
  An ufetubus (D:5)
  4 worms
  2 dart slugs
  26 orcs
  8 bats
  8 endoplasms
  A giant cockroach (D:1)
  6 goblins
  8 hobgoblins
  16 kobolds
  4 quokkas
  5 ball pythons
  4 frilled lizards
  8 rats
251 creatures vanquished.

Vanquished Creatures (others)
  An orc wizard (D:7)
1 creature vanquished.

Grand Total: 252 creatures vanquished

Notes
Turn   | Place    | Note
-------+----------+-------------------------------------------
     0 | D:1      | OTABOTABOTAB the Gnoll Transmuter began the quest for the
                  | Orb.
     0 | D:1      | Reached XP level 1. HP: 17/17 MP: 6/6
   140 | D:1      | Reached XP level 2. HP: 23/23 MP: 5/7
   606 | D:1      | Reached skill level 5 in Spellcasting
   606 | D:1      | Reached XP level 3. HP: 28/28 MP: 6/9
  1084 | D:1      | Learned a level 2 spell: Wereblood
  1088 | D:1      | Learned a level 3 spell: Spider Form
  1172 | D:2      | Reached skill level 1 in Invocations
  1335 | D:2      | Reached skill level 1 in Short Blades
  1335 | D:2      | Reached skill level 1 in Long Blades
  1335 | D:2      | Reached skill level 1 in Axes
  1335 | D:2      | Reached skill level 1 in Maces & Flails
  1335 | D:2      | Reached skill level 1 in Polearms
  1335 | D:2      | Reached skill level 1 in Staves
  1335 | D:2      | Reached skill level 1 in Ranged Weapons
  1335 | D:2      | Reached skill level 1 in Throwing
  1335 | D:2      | Reached skill level 1 in Armour
  1335 | D:2      | Reached skill level 1 in Stealth
  1335 | D:2      | Reached skill level 1 in Shields
  1335 | D:2      | Reached skill level 1 in Evocations
  1413 | D:2      | Found an opulent altar of Gozag.
  1770 | D:2      | Noticed Natasha
  1780 | D:2      | HP: 2/28 [Natasha (9)]
  1789 | D:2      | Killed Natasha
  1790 | D:2      | Reached XP level 4. HP: 21/34 MP: 7/11
  1800 | D:2      | Reached skill level 1 in Conjurations
  1800 | D:2      | Reached skill level 1 in Hexes
  1800 | D:2      | Reached skill level 1 in Summonings
  1800 | D:2      | Reached skill level 1 in Necromancy
  1800 | D:2      | Reached skill level 1 in Translocations
  1800 | D:2      | Reached skill level 1 in Fire Magic
  1800 | D:2      | Reached skill level 1 in Ice Magic
  1800 | D:2      | Reached skill level 1 in Air Magic
  1800 | D:2      | Reached skill level 1 in Earth Magic
  1800 | D:2      | Reached skill level 1 in Poison Magic
  1885 | D:2      | Noticed Natasha
  1891 | D:2      | Killed Natasha
  2172 | D:2      | Noticed Natasha
  2180 | D:2      | Killed Natasha
  2181 | D:2      | Reached XP level 5. HP: 37/40 MP: 8/12
  2251 | D:3      | Reached skill level 3 in Fighting
  2252 | D:3      | Noticed Sigmund
  2416 | D:3      | HP: 6/41 [Sigmund/magic dart (8)]
  2424 | D:3      | Killed Sigmund
  2425 | D:3      | Reached skill level 2 in Short Blades
  2425 | D:3      | Reached skill level 2 in Long Blades
  2425 | D:3      | Reached skill level 2 in Axes
  2425 | D:3      | Reached skill level 2 in Maces & Flails
  2425 | D:3      | Reached skill level 2 in Polearms
  2425 | D:3      | Reached skill level 2 in Staves
  2425 | D:3      | Reached skill level 2 in Ranged Weapons
  2425 | D:3      | Reached skill level 2 in Throwing
  2425 | D:3      | Reached skill level 2 in Armour
  2425 | D:3      | Reached skill level 5 in Dodging
  2425 | D:3      | Reached skill level 2 in Stealth
  2425 | D:3      | Reached skill level 2 in Shields
  2425 | D:3      | Reached skill level 4 in Transmutations
  2425 | D:3      | Reached skill level 2 in Invocations
  2425 | D:3      | Reached skill level 2 in Evocations
  2425 | D:3      | Reached XP level 6. HP: 5/47 MP: 14/14
  2703 | D:3      | Learned a level 4 spell: Ice Form
  4030 | D:4      | Noticed Ijyb
  4039 | D:4      | Killed Ijyb
  4040 | D:4      | Reached skill level 7 in Unarmed Combat
  4040 | D:4      | Reached XP level 7. HP: 40/52 MP: 9/15
  4194 | D:4      | Reached skill level 2 in Conjurations
  4194 | D:4      | Reached skill level 2 in Hexes
  4194 | D:4      | Reached skill level 2 in Summonings
  4194 | D:4      | Reached skill level 2 in Necromancy
  4194 | D:4      | Reached skill level 2 in Translocations
  4194 | D:4      | Reached skill level 2 in Fire Magic
  4194 | D:4      | Reached skill level 2 in Ice Magic
  4194 | D:4      | Reached skill level 2 in Air Magic
  4194 | D:4      | Reached skill level 2 in Earth Magic
  4194 | D:4      | Reached skill level 2 in Poison Magic
  4796 | D:4      | Reached skill level 3 in Invocations
  5102 | D:4      | Found a staircase to the Ecumenical Temple.
  5114 | Temple   | Entered the Ecumenical Temple
  5149 | Temple   | Became a worshipper of Cheibriados the Contemplative
  5276 | D:5      | Entered Level 5 of the Dungeon
  5355 | D:5      | Reached skill level 4 in Fighting
  5355 | D:5      | Reached skill level 3 in Short Blades
  5355 | D:5      | Reached skill level 3 in Long Blades
  5355 | D:5      | Reached skill level 3 in Axes
  5355 | D:5      | Reached skill level 3 in Maces & Flails
  5355 | D:5      | Reached skill level 3 in Polearms
  5355 | D:5      | Reached skill level 3 in Staves
  5355 | D:5      | Reached skill level 3 in Ranged Weapons
  5355 | D:5      | Reached skill level 3 in Throwing
  5355 | D:5      | Reached skill level 3 in Armour
  5355 | D:5      | Reached skill level 3 in Stealth
  5355 | D:5      | Reached skill level 3 in Shields
  5355 | D:5      | Reached skill level 3 in Evocations
  5355 | D:5      | Reached XP level 8. HP: 57/60 MP: 10/16
  5499 | D:5      | Reached skill level 6 in Spellcasting
  5764 | D:5      | Reached skill level 4 in Invocations
  5805 | D:5      | Reached skill level 3 in Conjurations
  5805 | D:5      | Reached skill level 3 in Hexes
  5805 | D:5      | Reached skill level 3 in Summonings
  5805 | D:5      | Reached skill level 3 in Necromancy
  5805 | D:5      | Reached skill level 3 in Translocations
  5805 | D:5      | Reached skill level 3 in Fire Magic
  5805 | D:5      | Reached skill level 3 in Ice Magic
  5805 | D:5      | Reached skill level 3 in Air Magic
  5805 | D:5      | Reached skill level 3 in Earth Magic
  5805 | D:5      | Reached skill level 3 in Poison Magic
  5810 | D:5      | Reached skill level 6 in Dodging
  5914 | D:5      | Noticed Eustachio
  5923 | D:5      | Killed Eustachio
  5923 | D:5      | Reached * piety under Cheibriados
  5924 | D:5      | Reached skill level 5 in Transmutations
  5972 | D:5      | Reached skill level 4 in Short Blades
  5972 | D:5      | Reached skill level 4 in Long Blades
  5972 | D:5      | Reached skill level 4 in Axes
  5972 | D:5      | Reached skill level 4 in Maces & Flails
  5972 | D:5      | Reached skill level 4 in Polearms
  5972 | D:5      | Reached skill level 4 in Staves
  5972 | D:5      | Reached skill level 4 in Ranged Weapons
  5972 | D:5      | Reached skill level 4 in Throwing
  5972 | D:5      | Reached skill level 4 in Armour
  5972 | D:5      | Reached skill level 4 in Stealth
  5972 | D:5      | Reached skill level 4 in Shields
  5972 | D:5      | Reached skill level 4 in Evocations
  5972 | D:5      | Reached XP level 9. HP: 67/67 MP: 13/18
  6454 | D:5      | Noticed Grinder
  6465 | D:5      | Killed Grinder
  6466 | D:5      | Reached skill level 5 in Fighting
  7185 | D:6      | Reached skill level 8 in Unarmed Combat
  8038 | D:6      | Reached skill level 5 in Invocations
  8047 | D:6      | Reached ** piety under Cheibriados
  8452 | D:6      | Found a basalt altar of Yredelemnul.
  8471 | D:6      | Reached skill level 7 in Spellcasting
  8625 | D:7      | Reached skill level 4 in Conjurations
  8625 | D:7      | Reached skill level 4 in Hexes
  8625 | D:7      | Reached skill level 4 in Summonings
  8625 | D:7      | Reached skill level 4 in Necromancy
  8625 | D:7      | Reached skill level 4 in Translocations
  8625 | D:7      | Reached skill level 4 in Fire Magic
  8625 | D:7      | Reached skill level 4 in Ice Magic
  8625 | D:7      | Reached skill level 4 in Air Magic
  8625 | D:7      | Reached skill level 4 in Earth Magic
  8625 | D:7      | Reached skill level 4 in Poison Magic
  8855 | D:7      | Reached skill level 5 in Short Blades
  8855 | D:7      | Reached skill level 5 in Long Blades
  8855 | D:7      | Reached skill level 5 in Axes
  8855 | D:7      | Reached skill level 5 in Maces & Flails
  8855 | D:7      | Reached skill level 5 in Polearms
  8855 | D:7      | Reached skill level 5 in Staves
  8855 | D:7      | Reached skill level 5 in Ranged Weapons
  8855 | D:7      | Reached skill level 5 in Throwing
  8855 | D:7      | Reached skill level 5 in Armour
  8855 | D:7      | Reached skill level 5 in Stealth
  8855 | D:7      | Reached skill level 5 in Shields
  8855 | D:7      | Reached skill level 5 in Evocations
  8855 | D:7      | Reached XP level 10. HP: 68/76 MP: 16/20
  8865 | D:7      | Reached *** piety under Cheibriados
  8887 | D:7      | Reached skill level 7 in Dodging
  8889 | D:7      | HP: 22/91 [killer bee (3)]
  8895 | D:7      | HP: 15/91 [water moccasin[a gnoll sergeant] (6)]
  8901 | D:7      | HP: 20/91 [centaur[a gnoll sergeant] (2)]
  8908 | D:7      | HP: 15/76 [gnoll/+0 spear[a gnoll sergeant] (2)]
  8913 | D:7      | HP: 12/91 [gnoll/+0 spear[a gnoll sergeant] (3)]
  9330 | D:7      | HP: 12/91 [steam dragon] (12)]
 10054 | D:7      | Reached skill level 6 in Fighting
 10480 | D:8      | Found Cokuxt Gusack's Magic Scroll Shoppe.
 10530 | D:8      | Found a staircase to the Lair.
 11081 | D:8      | Reached **** piety under Cheibriados
 11392 | D:8      | Reached skill level 6 in Transmutations
 11392 | D:8      | Reached skill level 6 in Invocations
 11674 | D:9      | HP: 17/76 [yak (3)]
 11676 | D:9      | HP: 1/76 [yak (13)]
 11997 | D:9      | Found a white marble altar of Elyvilon.
 12250 | D:9      | Reached skill level 6 in Short Blades
 12250 | D:9      | Reached skill level 6 in Long Blades
 12250 | D:9      | Reached skill level 6 in Axes
 12250 | D:9      | Reached skill level 6 in Maces & Flails
 12250 | D:9      | Reached skill level 6 in Polearms
 12250 | D:9      | Reached skill level 6 in Staves
 12250 | D:9      | Reached skill level 6 in Ranged Weapons
 12250 | D:9      | Reached skill level 6 in Throwing
 12250 | D:9      | Reached skill level 6 in Armour
 12250 | D:9      | Reached skill level 6 in Stealth
 12250 | D:9      | Reached skill level 6 in Shields
 12250 | D:9      | Reached skill level 9 in Unarmed Combat
 12250 | D:9      | Reached skill level 6 in Evocations
 12303 | D:9      | Found a runed translucent door.
 12327 | D:9      | Reached skill level 5 in Conjurations
 12327 | D:9      | Reached skill level 5 in Hexes
 12327 | D:9      | Reached skill level 5 in Summonings
 12327 | D:9      | Reached skill level 5 in Necromancy
 12327 | D:9      | Reached skill level 5 in Translocations
 12327 | D:9      | Reached skill level 5 in Fire Magic
 12327 | D:9      | Reached skill level 5 in Ice Magic
 12327 | D:9      | Reached skill level 5 in Air Magic
 12327 | D:9      | Reached skill level 5 in Earth Magic
 12327 | D:9      | Reached skill level 5 in Poison Magic
 12327 | D:9      | Reached XP level 11. HP: 83/83 MP: 17/22
 12334 | D:9      | Reached skill level 8 in Spellcasting
 12539 | D:9      | Found a staircase to the Orcish Mines.
 12729 | D:9      | Found a runed translucent door.
 12928 | D:9      | Reached skill level 7 in Invocations
 12936 | D:9      | HP: 17/99 [something] (21)]
 12945 | D:9      | Reached skill level 7 in Fighting
 12945 | D:9      | Reached skill level 8 in Dodging
 13035 | D:9      | Reached ***** piety under Cheibriados
 13147 | D:9      | Noticed a centaur warrior
 13219 | D:9      | Killed a centaur warrior
 13222 | D:9      | Noticed a cyan ugly thing
 13349 | D:9      | Killed a cyan ugly thing
 13599 | D:9      | Noticed a six-headed hydra
 13651 | D:9      | Killed a six-headed hydra
 13873 | Orc:1    | Entered Level 1 of the Orcish Mines
 13887 | Orc:1    | Noticed an orc sorcerer
 13896 | Orc:1    | Killed an orc sorcerer
 13897 | Orc:1    | Reached skill level 7 in Transmutations
 13910 | Orc:1    | Noticed an orc warlord
 13915 | Orc:1    | Noticed an orc sorcerer
 13917 | Orc:1    | HP: 19/100 [orc warrior/+0 glaive[an orc warlord] (23)]
 13918 | Orc:1    | Mangled by an orc warrior

Illustrated notes

Levels and vault maps discovered:
D:1:      dpeg_arrival_three_same_balls, layout_basic, chequers_mini_garden
D:2:      layout_basic, basic_altar, uniq_natasha
D:3:      layout_basic, uniq_sigmund
D:4:      layout_loops_corners, temple_hall, uniq_ijyb
D:5:      minmay_diamond_boxcup, layout_gridville, minmay_small_thing,
          uniq_eustachio, uniq_grinder
D:6:      layout_basic, lemuel_mausoleum_altar_yredelemnul,
          hangedman_decor_points
D:7:      layout_basic, serial_rivers, chequers_serial_rivers_small_a,
          chequers_serial_rivers_large_b, chequers_serial_rivers_small_a,
          chequers_serial_rivers_small_b, chequers_serial_rivers_small_3,
          chequers_serial_rivers_small_3
D:8:      layout_loops_corners, lair_entry_dummy, nicolae_stop_n_shop_1
D:9:      cheibrodos_histonic, layout_irregular_city,
          nicolae_elyvilon_peaceful_grove, kennysheep_generic_room_13
Temple:   nicolae_temple_slightly_damp_pantheon
Orc:1:    layout_caves

Skill      XL: |  1  2  3  4  5  6  7  8  9 10 11 |
---------------+----------------------------------+-----
Spellcasting   | 5 6 7 8 |  8.6
Invocations    | 1 2 3 4 5 6 7 |  7.6
Short Blades   | 1 2 3 4 5 6 |  6.9
Long Blades    | 1 2 3 4 5 6 |  6.9
Axes           | 1 2 3 4 5 6 |  6.9
Maces & Flails | 1 2 3 4 5 6 |  6.9
Polearms       | 1 2 3 4 5 6 |  6.9
Staves         | 1 2 3 4 5 6 |  6.9
Ranged Weapons | 1 2 3 4 5 6 |  6.9
Throwing       | 1 2 3 4 5 6 |  6.9
Armour         | 1 2 3 4 5 6 |  6.9
Stealth        | 1 2 3 4 5 6 |  6.9
Shields        | 1 2 3 4 5 6 |  6.9
Evocations     | 1 2 3 4 5 6 |  6.9
Conjurations   | 1 2 3 4 5 |  5.7
Hexes          | 1 2 3 4 5 |  5.7
Summonings     | 1 2 3 4 5 |  5.7
Necromancy     | 1 2 3 4 5 |  5.7
Translocations | 1 2 3 4 5 |  5.7
Fire Magic     | 1 2 3 4 5 |  5.7
Ice Magic      | 1 2 3 4 5 |  5.7
Air Magic      | 1 2 3 4 5 |  5.7
Earth Magic    | 1 2 3 4 5 |  5.7
Poison Magic   | 1 2 3 4 5 |  5.7
Fighting       | 3 4 5 6 7 |  7.5
Dodging        | 5 6 7 8 |  8.4
Transmutations | 4 5 6 7 |  7.0
Unarmed Combat | 7 8 9 |  9.6

Action                   |  1- 3 |  4- 6 |  7- 9 | 10-12 || total
-------------------------+-------+-------+-------+-------++-------
Melee: Unarmed           |    77 |    93 |   211 |   266 ||   647
       Kick              |    15 |       |       |       ||    15
       Headbutt          |    12 |       |       |       ||    12
       Punch             |     2 |       |     1 |       ||     3
       Bite              |     5 |     2 |       |     1 ||     8
       Mace              |       |       |       |     1 ||     1
Throw: Stone             |    29 |     9 |       |       ||    38
       Javelin           |       |       |    28 |     9 ||    37
 Cast: Beastly Appendage |    28 |       |       |       ||    28
       Spider Form       |     1 |    22 |    22 |     7 ||    52
       Ice Form          |       |       |    22 |    24 ||    46
       Wereblood         |       |       |       |     5 ||     5
Invok: Slouch            |       |       |       |     2 ||     2
 Abil: End Transformatio |    21 |    18 |    40 |    20 ||    99
Evoke: Wand              |       |       |       |     5 ||     5
  Use: Potion            |     2 |     1 |       |     8 ||    11
       Scroll            |       |     1 |    13 |     5 ||    19
 Stab: Sleeping          |     1 |       |     7 |       ||     8
       Distracted        |       |       |     1 |       ||     1
Armor: Robe              |     7 |     1 |     1 |     1 ||    10
       Skin              |       |     2 |    23 |    53 ||    78
Dodge: Dodged            |    39 |    69 |   127 |   272 ||   507
Block: Other             |       |       |    13 |    77 ||    90
       Reflection        |       |       |     1 |     2 ||     3

Table legend: (Time is in decaauts)
 A = Elapsed time spent in this place.
 B = Non-inter-level travel time spent in this place.
 C = Inter-level travel time spent in this place.
 D = Time resting spent in this place.
 E = Time spent auto-exploring this place.
 F = Levels seen in this place.
 G = Mean time per level.
                   A        B        C        D        E       F      G
               +--------+--------+--------+--------+--------+-----+--------+
         Total |  16429 |  15938 |    491 |   2350 |  11231 |  11 | 1493.5 |
       Dungeon |  16327 |  15860 |    467 |   2350 |  11203 |   9 | 1814.1 |
        Temple |     59 |     36 |     23 |      0 |     28 |   1 |   59.0 |
  Orcish Mines |     42 |     42 |      0 |      0 |      0 |   1 |   42.0 |
               +--------+--------+--------+--------+--------+-----+--------+

Top non-repeatable levels by time:
     D:9: 2939 daAuts
     D:6: 2694 daAuts
     D:7: 1951 daAuts
     D:5: 1909 daAuts
     D:8: 1623 daAuts
     D:4: 1454 daAuts
     D:3: 1417 daAuts
     D:2: 1220 daAuts
     D:1: 1117 daAuts
  Temple: 59 daAuts
   Orc:1: 42 daAuts

Table legend:
 A = Kills in this place as a percentage of kills in entire the game.
 B = Kills by you in this place as a percentage of kills by you in the entire game.
 C = Kills by friends in this place as a percentage of kills by friends in the entire game.
 D = Other kills in this place as a percentage of other kills in the entire game.
 E = Experience gained in this place as a percentage of experience gained in the entire game.
 F = Experience gained in this place divided by the number of levels of this place that you have seen.
                   A       B       C       D       E      F
               +-------+-------+-------+-------+-------+----------------------
         Total | 100.0 | 100.0 |   N/A |   N/A | 100.0 | 1571.2
       Dungeon |  94.4 |  94.4 |   N/A |   N/A |  93.3 | 1791.4
  Orcish Mines |   5.6 |   5.6 |   N/A |   N/A |   6.7 | 1160.0
               +-------+-------+-------+-------+-------+----------------------
